 Dungeon Crawl Stone Soup version 0.15-a0-1119-g9b3a599 (webtiles) character file.

42 Amnesiac the Cutter (level 3, -4/21 HPs)
             Began as a Halfling Enchanter on May 29, 2014.
             Slain by Sigmund
             ... wielding a +0,+0 scythe
              (5 damage)
             ... on Level 5 of the Dungeon.
             The game lasted 00:02:31 (823 turns).

Amnesiac the Cutter (Halfling Enchanter)             Turns: 823, Time: 00:02:32

HP  -4/21        AC  3     Str 10      XL: 3   Next: 77%
MP   2/5         EV 15     Int 16      God:
Gold 16          SH  0     Dex 16      Spells:  2 memorised,  1 level left

rFire  . . .     SeeInvis .     i - +0 short sword
rCold  . . .     Clarity  .     b - +1 robe
rNeg   + . .     rCorr    .     (no shield)
rPois  .         rRot     .     (no helmet)
rElec  .         Spirit   .     (no cloak)
SustAb .         Warding  .     (no gloves)
rMut   .         Stasis   .     (no boots)
Gourm  .                        (no amulet)
MR     .....                    (no ring)
                                g - ring of positive energy

@: mighty, not resistant to hostile enchantments, unstealthy
A: mutation resistance 1
a: no special abilities


You were on level 5 of the Dungeon.
You were not hungry.

You visited 1 branch of the dungeon, and saw 5 of its levels.

You collected 16 gold pieces.

Inventory:

Hand weapons
 a - a +1,+1 dagger
 i - a +0,+0 short sword (weapon)
Missiles
 d - 12 darts
 k - 5 tomahawks (quivered)
Armour
 b - a +1 robe (worn)
Comestibles
 f - 2 bread rations
Jewellery
 g - a ring of positive energy (left hand)
Potions
 h - a potion of might
Books
 c - a book of Maledictions

   Spells                             Type                      Level
   *Corona                            Hexes                        1
   Sure Blade                         Hexes/Charms                 2
   Ensorcelled Hibernation            Hexes/Ice                    2
   Confuse                            Hexes                        3
   *Dazzling Spray                    Conjuration/Hexes            3
   Enslavement                        Hexes                        4
 l - a book of Geomancy

   Spells                             Type                      Level
   Sandblast                          Earth                        1
   Stoneskin                          Transmutation/Earth          2
   Passwall                           Transmutation/Earth          3
   Stone Arrow                        Conjuration/Earth            3
   Petrify                            Transmutation/Earth          4
   Lee's Rapid Deconstruction         Earth                        5


   Skills:
 + Level 3.6 Short Blades
 - Level 1.3 Throwing
 - Level 2.1 Dodging
 - Level 2.0 Stealth
 - Level 1.5 Spellcasting
 - Level 3.2 Hexes


You had one spell level left.
You knew the following spells:

 Your Spells              Type           Power        Failure   Level  Hunger
a - Corona                Hex            ##.....      8%          1    ##.....
e - Dazzling Spray        Conj/Hex       #.......     34%         3    ####...


Dungeon Overview and Level Annotations

Branches:
Dungeon (5/15)
 Temple: D:4-7

Altars:

Annotations:
D:2 Ijyb
D:5 Dowan, Duvessa, Sigmund


Innate Abilities, Weirdness & Mutations

You are small and have problems with some larger weapons.
You are somewhat resistant to further mutation.


Message History

Aiming: Dazzling Spray
Press: ? - help, Shift-Dir - straight line, f - Sigmund
Aim: Sigmund, wielding a scythe and wearing a robe The spray of energy hits Sigmund.
Sigmund is lightly wounded.
Sigmund is dazzled.
The jackal completely misses you. The jackal bites you.
Read which item? (? for menu, Esc to quit)
Okay, then.
Drink which item? (? for menu, Esc to quit)
You feel very mighty all of a sudden.
It was a potion of might.
The jackal bites you but does no damage.
Sigmund casts a spell at you. The magic dart hits you!
* * * LOW HITPOINT WARNING * * *
The jackal bites you.
* * * LOW HITPOINT WARNING * * *
Sigmund barely misses you.
Sigmund is no longer blind.
Sigmund hits you with a scythe.
You die...

#########
#######........
#....hh@........
#.#####@#.#####
#.# #.#... #.#
#.#%.# #.#
#.#e@#
####h#####....
#..g....##..#
#.##.##h##<.# #
#e##.h.?.#
#.h......#


You could see Sigmund and 2 jackals.

Vanquished Creatures
  2 giant mites (D:1)
  An orc (D:4)
  3 bats
  2 giant cockroaches (D:1)
  3 hobgoblins (D:1)
  A quokka (D:2)
  A ball python (D:2)
  2 giant newts (D:1)
  3 goblins
  5 kobolds (D:1)
  4 rats
27 creatures vanquished.

Notes
Turn   | Place    | Note
--------------------------------------------------------------
     0 | D:1      | Amnesiac, the Halfling Enchanter, began the quest for the Orb.
     0 | D:1      | Reached XP level 1. HP: 11/11 MP: 2/2
   237 | D:1      | Reached skill level 3 in Hexes
   295 | D:1      | Reached XP level 2. HP: 13/17 MP: 3/3
   415 | D:1      | Reached XP level 3. HP: 19/21 MP: 5/5
   420 | D:1      | Learned a level 3 spell: Dazzling Spray
   510 | D:2      | Noticed Ijyb
   792 | D:4      | Noticed a scorpion
   802 | D:5      | Entered Level 5 of the Dungeon
   802 | D:5      | Noticed Sigmund
   802 | D:5      | Noticed Duvessa
   802 | D:5      | Noticed Dowan
   820 | D:5      | HP: 1/21 [jackal (2)]
   823 | D:5      | Slain by Sigmund

Action                   || total
-------------------------++-------
Melee: Dagger            ||    31
       Short sword       ||    67
 Cast: Corona            ||     2
       Dazzling Spray    ||     1
  Use: Scroll            ||     2
       Potion            ||     1
 Stab: Sleeping          ||     4
